 Dungeon Crawl Stone Soup version 0.29.1-13-g9f3cf754e1 (webtiles) character file.

Game seed: 13502211132581455098

47 javelincjr the Magician (level 3, 0/26 HPs)
             Began as a Djinni Fire Elementalist on Jan 30, 2023.
             Was a Follower of Zin.
             Slain by a gnoll
             ... wielding a +0 spear
              (5 damage)
             ... on level 2 of the Dungeon.
             The game lasted 00:04:57 (1579 turns).

javelincjr the Magician (Djinni Fire Elementalist)  Turns: 1579, Time: 00:04:58

Health: 0/26       AC:  2    Str:  9    XL:     3   Next: 97%
Gold:   33         EV: 12    Int: 16    God:    Zin [*.....] SH:  0 Dex: 13

rFire   + + .      SeeInvis .   b - +0 short sword
rCold   x . .      Faith    .   (no shield)
rNeg    . . .      Spirit   .   a - +0 robe
rPois   ∞          Reflect  .   (no helmet)
rElec   .          Harm     .   (no cloak)
rCorr   .          Rampage  .   (no gloves)
Will    .....                   (boots unavailable)
Stlth   ++........              d - amulet of the acrobat
HPRegen 0.08/turn               (no ring)
MPRegen 0.00/turn               (no ring)

@: flying
A: sickness immunity, fire resistance 2, cold vulnerability 1, float, innate
caster, HP casting, extra vitality 1
a: Renounce Religion, Recite, Donate Gold


You were on level 2 of the Dungeon.
You worshipped Zin.
Zin was aware of your devotion.
You visited 1 branch of the dungeon, and saw 2 of its levels.

You collected 36 gold pieces.
You donated 3 gold pieces to Zin.

Inventory:

Hand Weapons
 b - a +0 short sword (weapon)
Armour
 a - a +0 robe (worn)
Jewellery
 d - an amulet of the acrobat (around neck)
Scrolls
 c - a scroll of teleportation {unknown}
 e - a scroll of enchant armour {unknown}
 f - a scroll of enchant weapon {unknown}
 g - a scroll of noise {unknown}
Potions
 h - a potion of berserk rage {unknown}
 i - a potion of degeneration {unknown}


   Skills:
 + Level 0.6 Fighting
 + Level 0.3 Short Blades
 + Level 2.6 Dodging
 + Level 2.0 Stealth
 + Level 3.1 Spellcasting


You couldn't memorise any spells.
You knew the following spells:

 Your Spells              Type           Power      Damage    Failure   Level
a - Foxfire               Conj/Fire      48%        2x1d6     5%          1
b - Scorch                Fire           24%        2d6       8%          2
c - Conjure Flame         Conj/Fire      12%        6-21      16%         3
d - Inner Flame           Hex/Fire       12%        N/A       16%         3
e - Flame Wave            Conj/Fire      12%        2d6       45%         4
f - Freeze                Ice            48%        1d7       5%          1
Your spell library was empty.

Dungeon Overview and Level Annotations

Branches:
Dungeon (2/15)

Altars:
Zin


Innate Abilities, Weirdness & Mutations

You are immune to sickness and miasma.
You are immune to poison.
Your flesh is very heat resistant. (rF++)
You are vulnerable to cold. (rC-)
You float through the air rather than walking.
You learn spells naturally, not from books.
Your magical power is your life essence.
You have superior vitality. (+4 MHP)


Message History

You conjure some foxfire!
You hit the worm but do no damage.
The worm is moderately wounded.
The foxfire hits the worm.
The worm is heavily wounded.
The foxfire hits the worm.
The worm is almost dead.
The worm bites you.
You conjure some foxfire!
The worm bites you.
You are too injured to fight recklessly!
You are too injured to fight recklessly!
Unknown command.
You are too injured to fight recklessly!
The gnoll shouts!
You hit the worm but do no damage.
The worm is severely wounded.
The foxfire hits the worm.
You kill the worm!
The foxfire hits the jackal.
The jackal is lightly wounded.
The jackal closely misses you.
Your Stealth skill increases to level 2!
You hit the jackal.
The jackal is moderately wounded.
The jackal bites you.
You hit the jackal.
The jackal is heavily wounded.
The jackal misses you. The jackal barely misses you.
You hit the jackal.
You kill the jackal!
The gnoll completely misses you.
You see here a worm corpse.
You hit the gnoll.
The gnoll is moderately wounded.
The gnoll hits you with a +0 spear.
* * * LOW HITPOINT WARNING * * *
You hit the gnoll.
The gnoll is moderately wounded.
The gnoll hits you with a +0 spear.
You die...

## ## ##. ##.. ..
....... .....#. ####
......$ ...
.......#####.######
.........g@........
.......####.#######
.....>. #.......#
.....#.######..##.# #
...............##.#.#
## ..##
##.###..#.##.#.#...#
# #.##..........#.#.#
###
#.........#.#.....
... .............#.#


You could see a gnoll.

Vanquished Creatures
  An adder (D:2)
  2 worms (D:2)
  A dart slug (D:1)
  A bat (D:1)
  An endoplasm (D:2)
  2 giant cockroaches (D:1)
  4 hobgoblins
  4 jackals
  2 quokkas
  3 ball pythons
  A frilled lizard (D:2)
  A goblin (D:1)
  3 kobolds (D:1)
  2 rats (D:1)
28 creatures vanquished.

Vanquished Creatures (others)
  53 foxfires
53 creatures vanquished.

Grand Total: 81 creatures vanquished

Notes
Turn   | Place    | Note
-------+----------+-------------------------------------------
     0 | D:1      | javelincjr the Djinni Fire Elementalist began the quest for
                  | the Orb.
     0 | D:1      | javelincjr set off with the following spells memorised:
                  | Foxfire, Scorch, Conjure Flame, Inner Flame, Flame Wave.
     0 | D:1      | Reached XP level 1. HP: 15/15 MP: 0/0
   488 | D:1      | Reached XP level 2. HP: 21/21 MP: 0/0
   990 | D:1      | Found a faded altar of an unknown god.
   993 | D:1      | Prayed at the altar of an unknown god.
   993 | D:1      | Became a worshipper of Zin the Law-Giver
   993 | D:1      | Reached * piety under Zin
  1188 | D:2      | Reached XP level 3. HP: 19/25 MP: 0/0
  1188 | D:2      | Learned a level 1 spell: Freeze
  1464 | D:2      | Reached skill level 3 in Spellcasting
  1579 | D:2      | Slain by a gnoll

Illustrated notes

Levels and vault maps discovered:
D:1:      minmay_arrival_cross, layout_basic,
          hellmonk_ecumenical_altar_defaced_shrine
D:2:      layout_basic, serial_corexii_hall, chequers_hall_statues_wall_a,
          corexii_hall_statues_x, st_stairs_2

Skill      XL: |  1  2  3 |
---------------+----------+-----
Spellcasting   | 3 |  3.1
Stealth        | 2 |  2.0
Fighting       | |  0.6
Short Blades   | |  0.3
Dodging        | |  2.6

Action                   || total
-------------------------++-------
Melee: Short sword       ||    44
 Cast: Foxfire           ||    31
 Stab: Sleeping          ||     2
Armor: Robe              ||     6
Dodge: Dodged            ||    34
